 Dungeon Crawl Stone Soup version 0.21.1-1-g345015f (webtiles) character file.

152 grindst0ne the Digger (level 5, -1/28 HPs)
             Began as a Deep Elf Earth Elementalist on Feb 24, 2018.
             Slain by an orc
             ... wielding a +0 club
              (3 damage)
             ... on level 3 of the Dungeon.
             The game lasted 00:04:50 (1858 turns).

grindst0ne the Digger (Deep Elf Earth Elementalist) Turns: 1858, Time: 00:04:51

Health: -1/28      AC:  3    Str:  2 (5)  XL:     5   Next: 11%
Magic:  3/14       EV: 13    Int: 18 (21) God:
Gold:   135        SH:  0    Dex: 13 (15) Spells: 8/14 levels left

rFire    . . .     SeeInvis .   (no weapon)
rCold    . . .     Gourm    .   (no shield)
rNeg     . . .     Faith    .   c - +0 robe
rPois    +         Spirit   .   (no helmet)
rElec    .         Reflect  .   (no cloak)
rCorr    .         Harm     .   n - +0 pair of gloves
MR       .....                  (no boots)
Stlth    ++........             (no amulet)
HPRegen  0.09/turn              h - ring of poison resistance
MPRegen  0.14/turn              (no ring)

@: flying
A: no striking features
a: no special abilities


You were on level 3 of the Dungeon.
You were not hungry.

You visited 1 branch of the dungeon, and saw 3 of its levels.

You collected 135 gold pieces.

Inventory:

Missiles
 b - 41 stones (quivered)
Armour
 c - a +0 robe (worn)
 n - a +0 pair of gloves (worn)
Jewellery
 h - a ring of poison resistance (left hand)
Scrolls
 a - 2 scrolls of identify {unknown}
 i - a scroll of fear {unknown}
 j - 2 scrolls of enchant weapon {unknown}
 k - a scroll of amnesia {unknown}
 o - a scroll of blinking {unknown}
Books
 e - a book of Geomancy

   Spells                             Type                      Level
   a - Sandblast                      Earth                        1
   b - Passwall                       Transmutation/Earth          2
   c - Stone Arrow                    Conjuration/Earth            3
   d - Petrify                        Transmutation/Earth          4
   e - Lee's Rapid Deconstruction     Earth                        5
Comestibles
 d - 7 rations
 g - a chunk of flesh


   Skills:
 - Level 2.4 Dodging
 - Level 2.4 Stealth
 + Level 5.1 Spellcasting
 - Level 1.1 Transmutations
 + Level 5.3 Earth Magic


You had 8 spell levels left.
You knew the following spells:

 Your Spells              Type           Power        Failure   Level  Hunger
a - Sandblast             Erth           ###...       1%          1    None
b - Passwall              Tmut/Erth      ###.......   5%          2    #......
c - Stone Arrow           Conj/Erth      ##....       13%         3    ##.....


Dungeon Overview and Level Annotations

Branches:
Dungeon (3/15)

Altars:


Message History

Found 9 gold pieces and 5 large rocks.
Found a stone staircase leading down.
An orc priest comes into view. It is wielding a club.
It was a potion of flight.
You feel very buoyant.
You fly up into the air.
The orc closely misses you.
It was a potion of degeneration.
There was something very wrong with that liquid.
You feel weakened.
You feel dopey.
You feel clumsy.
It was a potion of curing.
You feel better. The orc hits you with a club.
* * * LOW HITPOINT WARNING * * *
The orc wizard mumbles some strange words.
The orc wizard flickers and vanishes!
Deactivating autopickup; reactivate with Ctrl-A.
The orc hits you with a short sword.
* * * LOW HITPOINT WARNING * * *
You aren't carrying any items that you can evoke.
As you read the scroll labeled MUYNITSOFE, it crumbles to dust.
The creatures around you are filled with an inner flame!
It was a scroll of immolation.
The orc hits you with a club.
You die...

.(. .# ..# .# $>#
..# #.#
######..### #S#
#.......... #.#
#..........
#o#####..........
#@oo.)#..<.......
###.#.........!..
#){##).........
##%##..........
#.o#..........
#o..........(#
.............#
o...######....
#.. #..


You could see an adder (inner flame) and 3 orcs.

Vanquished Creatures
  An orc priest (D:3)
  4 gnolls (D:2)
  2 adders (D:2)
  An ooze (D:2)
  A worm (D:2)
  2 dart slugs (D:2)
  4 orcs (D:3)
  A ball python (D:2)
  6 goblins
  6 hobgoblins
  7 jackals (D:2)
  6 bats
  2 kobolds (D:1)
  8 rats
51 creatures vanquished.

Notes
Turn   | Place    | Note
-------+----------+-------------------------------------------
     0 | D:1      | grindst0ne the Deep Elf Earth Elementalist began the quest for the Orb.
     0 | D:1      | Reached XP level 1. HP: 10/10 MP: 6/6
   253 | D:1      | Reached XP level 2. HP: 15/15 MP: 6/8
   270 | D:1      | Learned a level 2 spell: Passwall
   852 | D:2      | Reached XP level 3. HP: 19/19 MP: 5/10
   942 | D:2      | Learned a level 3 spell: Stone Arrow
  1298 | D:2      | Reached XP level 4. HP: 24/24 MP: 3/12
  1367 | D:2      | Reached skill level 5 in Earth Magic
  1851 | D:3      | Reached skill level 5 in Spellcasting
  1851 | D:3      | Reached XP level 5. HP: 20/28 MP: 2/14
  1858 | D:3      | Slain by an orc

Skill      XL: |  1  2  3  4 |
---------------+-------------+-----
Earth Magic    | 4 5 |  5.3
Spellcasting   | 4 5 |  5.1
Dodging        | |  2.4
Stealth        | |  2.4
Transmutations | |  1.1

Action                   |  1- 3 |  4- 6 || total
-------------------------+-------+-------++-------
Melee: Unarmed           |     1 |       ||     1
 Cast: Sandblast         |    52 |    25 ||    77
       Stone Arrow       |     1 |     1 ||     2
  Use: Potion            |       |     3 ||     3
       Scroll            |       |     1 ||     1
  Eat: Chunk             |     1 |     2 ||     3
Armor: Robe              |       |     4 ||     4
Dodge: Dodged            |    10 |    11 ||    21
